 Dungeon Crawl Stone Soup version 0.30.0-15-g856e2d3f33 (webtiles) character file.

Game seed: 17156451059875675739

12964 PoweredByGinger the Severer (level 11, -7/102 HPs)
             Began as a Minotaur Gladiator on May 19, 2023.
             Was a High Priest of Okawaru.
             Mangled by a 14-headed hydra (10 damage)
             ... on level 2 of the Lair of Beasts.
             The game lasted 00:25:34 (12627 turns).

PoweredByGinger the Severer (Minotaur Gladiator)   Turns: 12627, Time: 00:25:35

Health: -7/102     AC: 14    Str: 28    XL:     11   Next: 69%
Magic:  0/21       EV: 15    Int:  5    God:    Okawaru [*****.]
Gold:   388        SH:  0    Dex: 10    Spells: 10/10 levels left

rFire   . . .        a - +0 war axe
rCold   + . .        (no shield)
rNeg    . . .        v - +5 scale mail of Reason {rPois rC+ Dex-4}
rPois   +            c - +0 hat
rElec   .            (no cloak)
rCorr   .            (no gloves)
SInv    .            E - +1 pair of boots {Stlth+}
Will    ++...        H - amulet of guardian spirit
Stlth   ++           x - ring "Tueluur" {Will++ MP+9 Str+4 Dex+3}
HPRegen 0.37/turn    w - ring of flight
MPRegen 0.17/turn

%: guardian spirit
@: heroic, flying
A: horns 2, retaliatory headbutt
a: Renounce Religion, Heroism, Finesse, Duel


You were on level 2 of the Lair of Beasts.
You worshipped Okawaru.
Okawaru was extremely pleased with you.
You visited 3 branches of the dungeon, and saw 13 of its levels.

You collected 784 gold pieces.
You spent 396 gold pieces at shops.

Inventory:

Hand Weapons
 a - a +0 war axe (weapon)
 b - a +4 whip
 S - a +0 broad axe
Missiles
 d - 8 throwing nets (quivered)
 e - 12 javelins
 m - 13 poisoned darts
Armour
 c - a +0 hat (worn)
 f - a +0 plate armour
 v - the +5 scale mail of Reason (worn) {rPois rC+ Dex-4}
   (You bought it in a shop on level 2 of the Dungeon)

   Dex:       It affects your dexterity (-4).
   rC:        It protects you from cold.
   rPois:     It protects you from poison.
 E - a +1 pair of boots of stealth (worn)
Jewellery
 w - a ring of flight (right hand)
 x - the ring "Tueluur" (left hand) {Will++ MP+9 Str+4 Dex+3}
   (You found it on level 3 of the Dungeon)

   [ring of magical power]

   Str:       It affects your strength (+4).
   Dex:       It affects your dexterity (+3).
   MP:        It affects your magic capacity (+9).
   Will:      It greatly increases your willpower.
 H - an amulet of guardian spirit (around neck)
 L - a ring of ice
Wands
 A - a wand of polymorph (11)
 D - a wand of roots (16)
 G - a wand of flame (19)
 I - a wand of digging (10)
 J - a wand of light (4)
Scrolls
 g - a scroll of noise {unknown}
 h - a scroll of fear {unknown}
 i - a scroll of amnesia {unknown}
 j - 2 scrolls of immolation
 o - 2 scrolls of butterflies
 r - 5 scrolls of enchant armour
 s - 4 scrolls of blinking
 y - 3 scrolls of torment {unknown}
 C - 2 scrolls of magic mapping
 F - 2 scrolls of fog {unknown}
 P - a scroll of brand weapon {unknown}
 Q - 2 scrolls of identify
 T - 2 scrolls of teleportation
Potions
 k - 2 potions of attraction
 l - a potion of berserk rage
 n - 3 potions of flight
 p - 2 potions of magic
 q - 4 potions of heal wounds
 t - 3 potions of haste {unknown}
 u - 8 potions of curing
 z - 4 potions of brilliance {unknown}
 B - 4 potions of degeneration {unknown}
 K - 2 potions of ambrosia {unknown}
 M - 3 potions of invisibility {unknown}
 N - 4 potions of mutation {unknown}
 O - a potion of might {unknown}
 R - 2 potions of lignification {unknown}


   Skills:
 + Level 11.4(16.4) Fighting
 * Level 15.8(20.8) Axes
 - Level 2.0(7.0) Throwing
 + Level 10.7(15.7) Dodging
 + Level 3.5 Invocations


You had 10 spell levels left.
You didn't know any spells.
Your spell library contained the following spells:

 Spells                   Type           Power      Damage    Failure   Level
 Apportation              Tloc           0%         N/A       73%         1
 Beastly Appendage        Tmut           0%         N/A       73%         1
 Wereblood                Tmut           0%         N/A       86%         2
 Spider Form              Tmut/Pois      0%         N/A       97%         3
 Alistair's Intoxication  Tmut/Pois      0%         N/A       100%        5
 Blade Hands              Tmut           0%         N/A       100%        5
 Fireball                 Conj/Fire      0%         3d3       100%        5
 Iskenderun's Battlesphe  Conj           0%         2d6       100%        5
 Conjure Ball Lightning   Conj/Air       0%         3x3d6     100%        6
 Iron Shot                Conj/Erth      0%         9d1       100%        6
 Orb of Destruction       Conj           0%         9d5       100%        7
 Animate Armour           Summ/Erth      Unusable   N/A       N/A         4

Dungeon Overview and Level Annotations

Branches:
Dungeon (10/15)            Temple (1/1) D:6            Lair (2/5) D:10
 Spider (0/4) Lair:2
  Swamp: Lair:2-3    Shoals: Lair:2-3       Orc: D:9-12

Altars:
Ashenzari
Cheibriados
Dithmenos
Elyvilon
Fedhas
Gozag
Hepliaklqana
Kikubaaqudgha
Makhleb
Nemelex Xobeh
Okawaru
Ru
Sif Muna
Uskayaw
Vehumet
Wu Jian
Xom
Yredelemnul
Zin
The Shining One

Shops:
D:2 [

Annotations:
D:3 1 runed translucent door, 1 exclusion, Crazy Yiuf
D:5 3 runed translucent doors, Mangosteen's ghost, novice FoFi
D:6 1 runed translucent door, AverageBear's ghost, novice OpFi; Maggie
D:7 3 runed translucent doors, Cheops's ghost, novice MiFi
Lair:1 exclusion: downstairs


Innate Abilities, Weirdness & Mutations

You have a pair of horns on your head.
You reflexively headbutt those who attack you in melee.


Message History

The 12-headed hydra completely misses you.
The 12-headed hydra bites you but does no damage. x2
The 12-headed hydra completely misses you. x2
The 12-headed hydra barely misses you.
Unknown command.
Unknown command.
You feel much better. The 12-headed hydra misses you. You furiously retaliate!
You headbutt the 12-headed hydra.
The 12-headed hydra bites you but does no damage.
The 12-headed hydra bites you!
The 12-headed hydra bites you but does no damage.
The 12-headed hydra bites you! The 12-headed hydra bites you.
The 12-headed hydra barely misses you. The 12-headed hydra bites you.
The 12-headed hydra closely misses you. x3; The 12-headed hydra bites you!
* * * LOW HITPOINT WARNING * * *
Unknown command.
Unknown command.
Unknown command.
You chop one of the 12-headed hydra's heads off!
The 11-headed hydra grows two more!
You slice the 13-headed hydra!! Your punch misses the 13-headed hydra.
The 13-headed hydra is heavily wounded.
The 13-headed hydra is no longer blind.
Unknown command.
Unknown command.
Unknown command.
You chop one of the 13-headed hydra's heads off!
The 12-headed hydra grows two more!
You slice the 14-headed hydra!!
The 14-headed hydra is heavily wounded.
The 14-headed hydra closely misses you. The 14-headed hydra barely misses you.
The 14-headed hydra bites you!
* * * LOW HITPOINT WARNING * * *
The 14-headed hydra barely misses you. The 14-headed hydra bites you.
* * * LOW HITPOINT WARNING * * *
The 14-headed hydra bites you!
* * * LOW HITPOINT WARNING * * *
The 14-headed hydra barely misses you.
The 14-headed hydra bites you but does no damage.
The 14-headed hydra bites you!
You die...

). ... .. F....... #.
.#..... #.# .....# #
#.#####....###P #
#....##...$#P.
#.#..@.##.....+
+....D###....# ####.P#
#....##... .
#.#####..........
....###.##P#......#..P.
..........D......## .##
.....................
###.#.#.#..########.# #
######## #


You could see a 14-headed hydra.

Vanquished Creatures
  Harold (D:8)
  Erolcha (D:9)
  Pikel (D:8)
  7 kobold demonologists
  A komodo dragon (Lair:1)
  A meliai (D:9)
  A hornet (D:9)
  5 blink frogs (Lair:1)
  2 vampires
  6 yaks
  2 wraiths
  Grum (D:10)
  2 steam dragons
  Menkaure (D:4)
  3 vampire mosquitoes (D:10)
  3 water moccasins
  Pargi (D:3)
  5 ice beasts
  3 orc warriors
  A black bear (D:7)
  6 wolves (Lair:1)
  A lemure (D:8)
  A phantom (D:7)
  7 centaurs
  3 kobold brigands (D:8)
  5 bullfrogs
  4 gnoll sergeants
  4 scorpions
  A water moccasin zombie (D:7)
  A wyvern zombie (D:7)
  5 wights
  7 killer bees
  3 howler monkeys (D:9)
  10 hounds
  2 jellies
  2 orc priests
  7 iguanas
  4 gnoll boudas
  A sleepcap (D:7)
  6 orc wizards
  Natasha (twice) (D:4)
  32 gnolls
  An adder (D:3)
  3 shadow imps
  2 white imps
  An ufetubus (D:5)
  A dart slug (D:4)
  14 orcs
  10 ball pythons
  8 bats
  6 hobgoblins
  9 jackals
  4 quokkas
  2 frilled lizards (D:1)
  8 goblins
  11 kobolds
  3 rats
245 creatures vanquished.

Vanquished Creatures (others)
  2 orc wizards (D:8)
2 creatures vanquished.

Grand Total: 247 creatures vanquished

Notes
Turn   | Place    | Note
-------+----------+-------------------------------------------
     0 | D:1      | PoweredByGinger the Minotaur Gladiator began the quest for
                  | the Orb.
     0 | D:1      | Reached XP level 1. HP: 18/18 MP: 0/0
   136 | D:1      | Reached skill level 4 in Axes
   148 | D:1      | Reached XP level 2. HP: 25/25 MP: 1/1
   544 | D:1      | Reached XP level 3. HP: 31/31 MP: 2/2
   814 | D:2      | Found Gyonk's Antique Armour Shoppe.
  1502 | D:3      | Found a faded altar of an unknown god.
  1659 | D:2      | Bought a fine scale mail for 198 gold pieces
  1659 | D:2      | Identified the +5 scale mail of Reason {rPois rC+ Dex-4}
                  | (You bought it in a shop on level 2 of the Dungeon)
  1781 | D:2      | Reached skill level 5 in Axes
  1781 | D:2      | Reached XP level 4. HP: 25/38 MP: 3/3
  2091 | D:3      | Identified the ring "Tueluur" {Will++ MP+9 Str+4 Dex+3}
  2127 | D:3      | Found a runed translucent door.
  2128 | D:3      | Noticed Crazy Yiuf
  2516 | D:3      | Noticed Pargi
  2526 | D:3      | Killed Pargi
  2527 | D:3      | Reached skill level 6 in Axes
  2527 | D:3      | Reached XP level 5. HP: 43/46 MP: 4/4
  2637 | D:4      | Noticed Menkaure
  2662 | D:4      | Reached XP level 6. HP: 37/53 MP: 5/5
  2950 | D:4      | Found a radiant altar of Vehumet.
  3139 | D:4      | Noticed Natasha
  3323 | D:4      | Killed Menkaure
  3324 | D:4      | Reached skill level 5 in Fighting
  3324 | D:4      | Reached skill level 7 in Axes
  3324 | D:4      | Reached skill level 5 in Dodging
  3324 | D:4      | Reached XP level 7. HP: 30/61 MP: 6/6
  3475 | D:4      | Found a glowing silver altar of Zin.
  3587 | D:4      | Killed Natasha
  3644 | D:4      | Noticed Natasha
  3661 | D:4      | Killed Natasha
  3825 | D:5      | Entered Level 5 of the Dungeon
  4043 | D:5      | Found a runed translucent gate.
  4043 | D:5      | Noticed Mangosteen's ghost (novice FoFi)
  4044 | D:5      | Found a runed translucent gate.
  4044 | D:5      | Identified the +0 mace of Invincibility {freeze, Drain
                  | rPois rN+++ Int+3 Dex-2}
  4045 | D:5      | Found a runed translucent gate.
  4403 | D:5      | Reached skill level 8 in Axes
  4905 | D:6      | Found a runed translucent door.
  4905 | D:6      | Noticed AverageBear's ghost (novice OpFi)
  4975 | D:6      | Reached XP level 8. HP: 42/70 MP: 7/7
  4977 | D:6      | Noticed Maggie
  5172 | D:5      | Reached skill level 9 in Axes
  5654 | D:7      | Found a runed translucent gate.
  5654 | D:7      | Found a runed translucent gate.
  5654 | D:7      | Found a runed translucent gate.
  5654 | D:7      | Noticed Cheops's ghost (novice MiFi)
  5656 | D:7      | Found a basalt altar of Yredelemnul.
  5693 | D:7      | Identified the +2 chain mail of Benevolence {Str+2}
  5948 | D:7      | Reached skill level 10 in Axes
  6265 | D:6      | Reached XP level 9. HP: 73/79 MP: 8/8
  6298 | D:6      | Found a staircase to the Ecumenical Temple.
  6309 | Temple   | Entered the Ecumenical Temple
  6488 | Temple   | Became a worshipper of Warmaster Okawaru
  6509 | D:6      | Reached skill level 11 in Axes
  6660 | D:7      | Found an ornate altar of the Wu Jian Council.
  7053 | D:8      | Found a sacrificial altar of Ru.
  7197 | D:8      | Reached * piety under Okawaru
  7198 | D:8      | Reached skill level 12 in Axes
  7529 | D:9      | Noticed Harold
  7529 | D:9      | Noticed a kobold demonologist
  7529 | D:9      | Noticed a kobold demonologist
  7529 | D:9      | Noticed a kobold demonologist
  7536 | D:8      | Noticed an ice devil
  7538 | D:8      | Killed a kobold demonologist
  7539 | D:8      | Killed Harold
  7539 | D:8      | Reached ** piety under Okawaru
  7540 | D:8      | Reached XP level 10. HP: 82/91 MP: 9/9
  8090 | D:2      | Bought a scorched scale mail for 198 gold pieces
  8090 | D:2      | Identified the +0 scale mail of Liberalism {Drain rC+ Dex+2
                  | Stlth+} (You bought it in a shop on level 2 of the Dungeon)
  8232 | D:9      | Noticed an orange demon
  8235 | D:8      | Reached skill level 13 in Axes
  8370 | D:9      | Noticed a rust devil
  8384 | D:8      | Reached *** piety under Okawaru
  8491 | D:9      | Noticed an orange demon
  8536 | D:9      | Noticed a sixfirhy
  8548 | D:8      | Reached skill level 10 in Fighting
  8703 | D:9      | Reached skill level 14 in Axes
  8787 | D:8      | Reached **** piety under Okawaru
  8924 | D:9      | Noticed Erolcha
  8965 | D:9      | Killed Erolcha
  8966 | D:9      | Reached XP level 11. HP: 100/101 MP: 10/10
  9086 | D:9      | Reached skill level 10 in Dodging
  9153 | D:9      | Noticed Pikel
  9186 | D:8      | Killed Pikel
  9186 | D:8      | Reached ***** piety under Okawaru
  9187 | D:8      | Reached skill level 1 in Invocations
  9607 | D:9      | Found a snail-covered altar of Cheibriados.
  9766 | D:9      | Found a blossoming altar of Fedhas.
  9766 | D:9      | Found a broken altar of Ashenzari.
  9766 | D:9      | Found a sparkling altar of Nemelex Xobeh.
  9777 | D:9      | Reached skill level 15 in Axes
  9826 | D:9      | Found a hide-covered altar of Uskayaw.
  9826 | D:9      | Found a shadowy altar of Dithmenos.
  9827 | D:9      | Found a glowing golden altar of the Shining One.
 10118 | D:10     | Entered Level 10 of the Dungeon
 10118 | D:10     | Found a staircase to the Lair.
 10597 | D:10     | Noticed Grum
 10602 | D:10     | Killed Grum
 11565 | Lair:1   | Entered Level 1 of the Lair of Beasts
 12126 | Lair:1   | Received a gift from Okawaru
 12526 | Lair:2   | Found a hole to the Spider Nest.
 12550 | Lair:2   | Noticed a death yak
 12550 | Lair:2   | Noticed a death yak
 12602 | Lair:2   | Noticed a seven-headed hydra
 12627 | Lair:2   | HP: 3/102 [14-headed hydra (12)]
 12627 | Lair:2   | Mangled by a 14-headed hydra

Illustrated notes

Levels and vault maps discovered:
D:1:      dpeg_arrival_pits, layout_rooms, minmay_cut_off
D:2:      layout_basic, serial_shops, nicolae_shop_rolling_square,
          hex_intersection
D:3:      layout_rooms, chequers_ecumenical_altar_island,
          minmay_misc_feat_doors, uniq_crazy_yiuf_cottage, uniq_pargi
D:4:      layout_loops_cross, mainiacjoe_overflow_alcove_1,
          lemuel_crystal_altar, minmay_between, uniq_natasha, uniq_menkaure
D:5:      layout_loops_corners, biasface_ghost_orc_armoury
D:6:      nicolae_cairo_tiling_large_dashed, layout_cave_pools,
          trog_antimagical, kennysheep_mini_moat,
          minmay_temple_entry_drinking_statues, gammafunk_ghost_grave,
          uniq_maggie
D:7:      kennysheep_spiral_hall, layout_loops_ring,
          nicolae_yredelemnul_ghost_church, mainiacjoe_overflow_brackets,
          minmay_puff
D:8:      layout_loops_ring, mainiacjoe_overflow_concentric_impassable
D:9:      layout_basic, grunt_temple_overflow_open, marbit_many_paths,
          uniq_pikel, uniq_harold, uniq_erolcha
D:10:     layout_cave_pools, lair_entry_dummy, serial_gnoll_camp,
          gnoll_camp_medium_02, gnoll_camp_mini_loothouse, grums_kennel,
          gnoll_camp_medium_01, gnoll_camp_mini_hut
Temple:   nicolae_temple_bog_church
Lair:1:   layout_regular_city, grunt_megastairs_1
Lair:2:   layout_regular_city, minmay_shoals_entry_hut, dummy_spider_entry,
          serial_bayou_shore_b, grunt_megastairs_5

Skill      XL: |  1  2  3  4  5  6  7  8  9 10 11 |
---------------+----------------------------------+-----
Axes           | 4 5 6 7 8 10 12 14 15 | 15.8
Fighting       | 3 4 5 6 7 9 10 11 | 11.4
Dodging        | 4 5 6 7 8 9 10 | 10.7
Invocations    | 3 |  3.5
Throwing       | |  2.0

Action                     |  1- 3 |  4- 6 |  7- 9 | 10-12 || total
---------------------------+-------+-------+-------+-------++-------
  Melee: War axe           |    83 |    64 |   233 |   294 ||   674
         Headbutt          |    13 |    14 |    32 |    70 ||   129
         Punch             |     2 |     1 |     1 |     6 ||    10
         Broad axe         |       |       |       |    43 ||    43
  Throw: Throwing net      |       |     2 |       |       ||     2
         Javelin           |       |       |     2 |       ||     2
 Invoke: Heroism           |       |       |       |     3 ||     3
  Evoke: Wand              |       |       |     1 |     6 ||     7
    Use: Scroll            |       |     2 |     6 |     5 ||    13
         Potion            |       |     1 |     4 |     1 ||     6
   Stab: Held in net/web   |       |     3 |       |       ||     3
         Invisible         |       |       |       |     4 ||     4
 Armour: Leather armour    |    21 |       |       |       ||    21
         Ring mail         |     7 |       |       |       ||     7
         Scale mail        |     6 |    21 |   118 |   154 ||   299
  Dodge: Dodged            |    69 |    33 |   172 |   219 ||   493
